 Dungeon Crawl Stone Soup version 0.30-a0-377-g5cb311bc9f (webtiles) character file.

Game seed: 3104724949231458819

7433 mopl the Summoner (level 11, -3/64 (69) HPs)
             Began as an Octopode Summoner on Nov 28, 2022.
             Was a Believer of Sif Muna.
             Slain by a spectral orc knight
             ... wielding a +0 war axe
             ... summoned by Nergalle
              (15 damage)
             ... on level 10 of the Dungeon.
             The game lasted 00:21:09 (8982 turns).

mopl the Summoner (Octopode Summoner)               Turns: 8982, Time: 00:21:10

HP:   -3/64 (69)    AC:  1    Str:  9    XL:     11   Next: 15%
MP:   15/23         EV: 14    Int: 21    God:    Sif Muna [**....]
Gold: 395           SH:  0    Dex: 12    Spells: 12/27 levels left

rFire   . . .      SeeInvis .    a - +0 short sword (protect)
rCold   . . .      Faith    .    (no shield)
rNeg    . . .      Spirit   .    H - +0 hat
rPois   .          Reflect  .    B - amulet of the acrobat
rElec   .          Harm     .    o - ring of willpower
rCorr   .          Rampage  .    r - ring of willpower
Will    ++...                    (no ring)
Stlth   +++.......               (no ring)
HPRegen 0.30/turn                (no ring)
MPRegen 0.18/turn                (no ring)
                                 (no ring)
                                 (no ring)

@: about to teleport, on blink cooldown, drained
A: almost no armour, amphibious, 8 rings, camouflage 1, gelatinous body 1,
(nimble swimmer 1), tentacles
a: Renounce Religion, Channel Magic


You were on level 10 of the Dungeon.
You worshipped Sif Muna.
Sif Muna was pleased with you.
You visited 2 branches of the dungeon, and saw 11 of its levels.

You collected 577 gold pieces.
You spent 182 gold pieces at shops.

Inventory:

Hand Weapons
 a - a +0 short sword of protection (weapon)
 b - a +0 spear
 e - a +0 dagger of draining
 E - a +4 scimitar of freezing
Missiles
 w - 5 poisoned darts
 G - 2 throwing nets
 I - 2 atropa-tipped darts
Armour
 y - an orb of wrath
 H - a +0 hat (worn)
 J - a +1 cloak of poison resistance
Jewellery
 o - a ring of willpower (left tentacle)
 r - a ring of willpower (right tentacle)
 B - an amulet of the acrobat (around mantle)
Wands
 j - a wand of polymorph (10)
 p - a wand of flame (51)
 z - a wand of light (6)
 A - a wand of iceblast (16)
Scrolls
 c - a scroll of immolation {unknown}
 i - 2 scrolls of enchant armour {unknown}
 k - 2 scrolls of vulnerability {unknown}
 l - 4 scrolls of teleportation
 n - 5 scrolls of amnesia
 s - 3 scrolls of fear
 t - 2 scrolls of blinking {unknown}
 u - a scroll of poison {unknown}
 v - 4 scrolls of fog {unknown}
 C - 3 scrolls of noise {unknown}
Potions
 d - a potion of magic
 f - 6 potions of curing
 g - 4 potions of mutation {unknown}
 h - 3 potions of heal wounds
 m - a potion of brilliance
 q - 4 potions of haste
 x - 2 potions of berserk rage {unknown}
 D - a potion of might {unknown}
 F - a potion of cancellation
 K - a potion of lignification {!q}


   Skills:
 + Level 4.2 Fighting
 + Level 4.7 Dodging
 - Level 2.6 Stealth
 + Level 8.5 Spellcasting
 - Level 2.0 Hexes
 + Level 9.7 Summonings
 - Level 4.0 Translocations
 - Level 3.0 Air Magic
 + Level 8.1 Evocations


You had 12 spell levels left.
You knew the following spells:

 Your Spells              Type           Power      Damage    Failure   Level
a - Summon Small Mammal   Summ           100%       N/A       1%          1
b - Call Imp              Summ           49%        N/A       1%          2
c - Call Canine Familiar  Summ           49%        N/A       1%          3
e - Blink                 Tloc           50%        N/A       2%          2
f - Summon Lightning Spi  Summ/Air       35%        N/A       5%          4
g - Summon Guardian Gole  Hex/Summ       33%        N/A       1%          3

Your spell library contained the following spells:

 Spells                   Type           Power      Damage    Failure   Level
 Slow                     Hex            68%        N/A       3%          1
 Momentum Strike          Conj/Tloc      34%        3d8       4%          2
 Lesser Beckoning         Tloc           50%        N/A       4%          3
 Magic Dart               Conj           32%        1d4       8%          1
 Cigotuvi's Dreadful Rot  Necr/Pois/Air  26%        N/A       8%          2
 Confusing Touch          Hex            17%        N/A       10%         3
 Manifold Assault         Tloc           25%        N/A       14%         4
 Mephitic Cloud           Conj/Pois/Air  13%        N/A       16%         3
 Vampiric Draining        Necr           8%         2d6       22%         3
 Dispel Undead            Necr           8%         3d8       58%         4
 Alistair's Intoxication  Tmut/Pois      5%         N/A       91%         5
 Blade Hands              Tmut           4%         N/A       91%         5
 Borgnjor's Vile Clutch   Necr/Erth      4%         N/A       91%         5
 Death Channel            Necr           4%         N/A       100%        6
 Eringya's Noxious Bog    Tmut/Pois      4%         N/A       100%        6
 Iron Shot                Conj/Erth      4%         9d2       100%        6
 Storm Form               Tmut/Air       7%         N/A       100%        7
 Animate Armour           Summ/Erth      Unusable   N/A       N/A         4

Dungeon Overview and Level Annotations

Branches:
Dungeon (10/15)            Temple (1/1) D:4
   Lair: D:8-11         Orc: D:9-12

Altars:
Ashenzari
Cheibriados
Dithmenos
Elyvilon
Fedhas
Gozag
Hepliaklqana
Kikubaaqudgha
Makhleb
Nemelex Xobeh
Okawaru
Qazlal
Ru
Sif Muna
Trog
Uskayaw
Vehumet
Wu Jian
Xom
Yredelemnul
Zin
The Shining One

Shops:
D:2 ?   D:3 :   D:4 :   D:8 *

Annotations:
D:5 2 runed translucent doors
D:6 4 runed translucent doors
D:10 Nergalle


Innate Abilities, Weirdness & Mutations

You cannot wear most types of armour.
You are amphibious.
You can wear up to eight rings at the same time.
Your skin changes colour to match your surroundings (Stealth+).
Your rubbery body absorbs attacks. (AC +1, EV +1)
((You are camouflaged when in or above water. (Stealth+)))
You have tentacles for arms and can constrict up to eight enemies at once.


Message History

Your wolf barely misses Nergalle.
Your wolf barely misses Nergalle.
Nergalle casts a spell at you.
Orcish apparitions take form around you.
Your wolf bites Nergalle!
Nergalle hits your wolf but does no damage.
Your wolf bites Nergalle but does no damage.
The spectral orc warlord hits you with a +3 battleaxe!
You feel drained.
Unknown command.
Press: ? - help, v - describe, . - travel
Here: a spectral orc warlord, wielding a +3 battleaxe and wearing a +0 chain mail (summoned)
The floor.
Unknown command.
As you read the scroll of teleportation, it crumbles to dust.
You feel strangely unstable.
Your wolf closely misses Nergalle.
Nergalle points at you and mumbles some strange words.
Orcish apparitions take form around you.
Your wolf bites Nergalle but does no damage.
The spectral orc warlord hits you with a +3 battleaxe!!
Unknown command.
Casting: Summon Guardian Golem (safe; 1% risk of failure)
Confirm with . or Enter, or press ? or * to list all spells.
You blink.
Your wolf closely misses Nergalle.
Nergalle casts a spell at you.
Orcish apparitions take form around you.
The spectral orc warrior hits you with a +3 trident!
The spectral orc knight hits you with a +0 war axe!
* * * LOW HITPOINT WARNING * * *
You feel drained.
* * * LOW HITPOINT WARNING * * *
Unknown command.
You completely miss the spectral orc warrior.
Your wolf barely misses Nergalle.
Nergalle casts a spell at you.
Orcish apparitions take form around you.
Your wolf barely misses Nergalle.
The spectral orc warrior closely misses you.
The spectral orc knight hits you with a +0 war axe!
You die...

####.# #Y# ##.##.# #o#
#.....# #h# ##.#### #9#
...# #.# .#.### #Z#
.....## #Z## ......##
#ZZ# ##.##..# ##@#
.#.#...# #Z# # .....#.#
#Z# .### #..†##.# #.# ...
.._....# #.# o.# #...##.#
######.####..##
.....#.####.............#
.#.#........####.##....<#
##.##..#.####
#.##.......#


You could see Nergalle (ally target), 2 spectral orcs, 2 spectral orc warriors,
a spectral orc knight (summoned), a spectral orc warlord (summoned), a friendly
guardian golem (summoned) and a friendly wolf (summoned, sheltered).

Vanquished Creatures
  2 water moccasins
  2 ice beasts (D:6)
  2 bullfrogs
  2 wights (D:7)
  A jelly (D:7)
  2 howler monkeys
  5 orc priests
  4 hounds
  A gnoll bouda (D:6)
  Jessica (D:2)
  3 iguanas
  2 orc wizards
  4 adders
  A shadow imp (D:7)
  2 white imps
  An ufetubus (D:5)
  2 worms
  2 dart slugs (D:2)
  14 orcs
  3 bats
  8 endoplasms
  2 giant cockroaches (D:2)
  9 goblins
  6 hobgoblins
  2 quokkas
  6 ball pythons
  3 frilled lizards
  4 kobolds
  5 rats
  A spectral goblin (D:4)
102 creatures vanquished.

Vanquished Creatures (collateral kills)
  An ugly thing (D:6)
  Psyche (D:8)
  Prince Ribbit (D:5)
  Sigmund (D:5)
  8 yaks
  5 wyverns
  A water moccasin (D:10)
  An ice beast (D:8)
  2 black bears
  An orc warrior (D:9)
  2 ogres
  4 centaurs
  4 bullfrogs
  A scorpion (D:7)
  11 wights
  2 killer bees (D:7)
  2 howler monkeys
  A jelly (D:6)
  3 orc priests
  2 iguanas
  Ijyb (D:5)
  6 orc wizards
  A statue (D:7)
  13 orcs
  A bat (D:3)
76 creatures vanquished.

Vanquished Creatures (others)
  A hornet (D:9)
  2 yaks
  2 orc warriors (D:8)
  A centaur (D:7)
  A wight (D:6)
  A killer bee (D:7)
  2 fungi (D:10)
  14 plants (D:10)
24 creatures vanquished.

Grand Total: 202 creatures vanquished

Notes
Turn   | Place    | Note
-------+----------+-------------------------------------------
     0 | D:1      | mopl the Octopode Summoner began the quest for the Orb.
     0 | D:1      | Reached XP level 1. HP: 11/11 MP: 3/3
   187 | D:1      | Reached XP level 2. HP: 16/17 MP: 5/5
   190 | D:1      | Learned a level 2 spell: Call Imp
   641 | D:2      | Reached XP level 3. HP: 11/21 MP: 7/7
   672 | D:2      | Learned a level 3 spell: Call Canine Familiar
   823 | D:2      | Found Ketian's Magic Scroll Emporium.
   838 | D:2      | Bought a scroll of teleportation for 42 gold pieces
   838 | D:2      | Bought a scroll of identify for 28 gold pieces
   838 | D:2      | Bought a scroll of amnesia for 56 gold pieces
   911 | D:2      | Found a glowing golden altar of the Shining One.
  1177 | D:2      | Noticed Jessica
  1187 | D:2      | Killed Jessica
  1188 | D:2      | Reached skill level 3 in Spellcasting
  1188 | D:2      | Reached XP level 4. HP: 25/27 MP: 8/8
  1192 | D:2      | Learned a level 3 spell: Summon Guardian Golem
  1555 | D:3      | Noticed a black bear
  1578 | D:3      | Killed a black bear
  1579 | D:3      | Reached skill level 1 in Hexes
  1579 | D:3      | Reached skill level 5 in Summonings
  1579 | D:3      | Reached XP level 5. HP: 17/31 MP: 3/10
  1680 | D:3      | Reached skill level 2 in Hexes
  1809 | D:3      | Found a white marble altar of Elyvilon.
  1933 | D:3      | Found Pupaesh's Book Shoppe.
  1962 | D:3      | Reached XP level 6. HP: 31/36 MP: 11/11
  2019 | D:2      | Bought a scroll of fear for 56 gold pieces
  2245 | D:3      | Found a hide-covered altar of Uskayaw.
  2245 | D:3      | Noticed a +0 short sword
  2245 | D:3      | Noticed a +0 spear
  2246 | D:3      | Noticed a +0 dagger
  2305 | D:3      | Noticed a +0 short sword
  2310 | D:3      | Noticed a +0 dagger
  2311 | D:3      | Noticed a +0 spear
  2312 | D:3      | Noticed a +0 falchion
  2313 | D:3      | Noticed a +0 falchion
  2493 | D:4      | Found a staircase to the Ecumenical Temple.
  2524 | D:4      | Reached skill level 4 in Spellcasting
  2568 | Temple   | Entered the Ecumenical Temple
  2887 | D:4      | Found a hazy altar of Hepliaklqana.
  3164 | D:4      | Found Wefereu's Vocational Training.
  3310 | D:4      | Learned a level 2 spell: Blink
  3334 | D:5      | Entered Level 5 of the Dungeon
  3365 | D:5      | Noticed a water moccasin
  3396 | D:5      | Killed a water moccasin
  3397 | D:5      | Reached skill level 6 in Summonings
  3397 | D:5      | Reached skill level 1 in Translocations
  3397 | D:5      | Reached skill level 1 in Evocations
  3397 | D:5      | Reached XP level 7. HP: 35/41 MP: 5/13
  3507 | D:5      | Noticed Sigmund
  3525 | D:5      | Killed Sigmund
  3526 | D:5      | Reached skill level 2 in Evocations
  3535 | D:5      | Reached skill level 2 in Translocations
  3630 | D:5      | Reached skill level 5 in Spellcasting
  3709 | D:5      | Noticed Ijyb
  3721 | D:5      | Killed Ijyb
  3785 | D:5      | Noticed Prince Ribbit
  3793 | D:5      | HP: 1/41 [Prince Ribbit (10)]
  3808 | D:5      | Killed Prince Ribbit
  3809 | D:5      | Reached skill level 3 in Translocations
  3809 | D:5      | Reached skill level 3 in Evocations
  3809 | D:5      | Reached XP level 8. HP: 12/46 MP: 11/15
  3953 | D:5      | Found a runed translucent door.
  3955 | D:5      | Found a runed translucent door.
  3962 | D:5      | Learned a level 4 spell: Summon Lightning Spire
  4033 | D:5      | Found a shimmering blue altar of Sif Muna.
  4056 | D:5      | Became a worshipper of Sif Muna the Loreminder
  4356 | D:6      | Found a large runed translucent door.
  4356 | D:6      | Found a large runed translucent door.
  4362 | D:6      | Found a large runed translucent door.
  4362 | D:6      | Found a large runed translucent door.
  4387 | D:6      | Reached skill level 1 in Air Magic
  4426 | D:6      | Reached skill level 7 in Summonings
  4454 | D:6      | Reached skill level 4 in Evocations
  4589 | D:6      | Reached skill level 2 in Air Magic
  4594 | D:6      | Identified the +4 scale mail of Submission {Dex+4}
  4913 | D:6      | Reached skill level 4 in Translocations
  4913 | D:6      | Reached XP level 9. HP: 51/51 MP: 14/17
  4932 | D:6      | Reached skill level 6 in Spellcasting
  5009 | D:6      | Noticed a brown ugly thing
  5021 | D:6      | Killed a brown ugly thing
  5022 | D:6      | Reached skill level 3 in Air Magic
  5022 | D:6      | Reached skill level 5 in Evocations
  5185 | D:6      | Reached skill level 8 in Summonings
  5605 | D:7      | Reached * piety under Sif Muna
  5632 | D:7      | Reached skill level 7 in Spellcasting
  5761 | D:7      | Reached skill level 6 in Evocations
  6060 | D:7      | Found a radiant altar of Vehumet.
  6085 | D:7      | Reached XP level 10. HP: 50/57 MP: 17/21
  6114 | D:7      | Identified the +3 scale mail "Wyficaomm" {rElec SInv}
  6222 | D:7      | Reached skill level 1 in Fighting
  6636 | D:7      | Found a burning altar of Makhleb.
  6781 | D:8      | Found a sparkling altar of Nemelex Xobeh.
  7486 | D:8      | Reached skill level 2 in Fighting
  7486 | D:8      | Reached skill level 3 in Dodging
  7508 | D:8      | Reached ** piety under Sif Muna
  7541 | D:8      | Reached skill level 7 in Evocations
  7556 | D:8      | Found Earruigo's Eclectic Emporium.
  7605 | D:8      | Reached skill level 9 in Summonings
  7745 | D:8      | Noticed Psyche
  7806 | D:8      | Killed Psyche
  8165 | D:9      | Reached skill level 8 in Spellcasting
  8301 | D:9      | Found a transporter.
  8319 | D:9      | Found a transporter.
  8321 | D:9      | Found a transporter.
  8326 | D:9      | Found a transporter.
  8496 | D:9      | Reached skill level 3 in Fighting
  8522 | D:9      | Reached skill level 4 in Dodging
  8757 | D:10     | Entered Level 10 of the Dungeon
  8829 | D:10     | Found a basalt altar of Yredelemnul.
  8897 | D:10     | Noticed Nergalle
  8936 | D:10     | Reached XP level 11. HP: 68/68 MP: 15/23
  8948 | D:10     | Reached skill level 4 in Fighting
  8948 | D:10     | Reached skill level 8 in Evocations
  8979 | D:10     | Noticed a spectral orc warlord
  8982 | D:10     | Slain by a spectral orc knight

Illustrated notes

Levels and vault maps discovered:
D:1:      enne_arrival_octagon_isle, layout_loops_ring
D:2:      layout_basic, basic_altar, serial_shops, nicolae_shop_hallway_plus,
          uniq_jessica
D:3:      layout_basic, mainiacjoe_overflow_alcove_2, nicolae_uskayaw_en_pointe,
          serial_shops, nicolae_shop_waterfront
D:4:      nicolae_cairo_tiling, layout_basic,
          nicolae_hepliaklqana_monster_ancestors, nicolae_shop_vocational
D:5:      lemuel_insect_pit, layout_basic, mainiacjoe_overflow_paths,
          kennysheep_generic_room_14, uniq_prince_ribbit1, uniq_ijyb,
          uniq_sigmund
D:6:      layout_basic, wad_floor_pattern_untrapped,
          minmay_hollow_rounded_squares
D:7:      layout_loops_corners, lightli_temple_of_fire, vehumet_statue
D:8:      layout_loops_ring, mainiacjoe_overflow_catwalk,
          nicolae_alphabet_shops, nicolae_kite_square_tiling_tiny, uniq_psyche
D:9:      layout_roguey, nicolae_transporter_circle
D:10:     layout_loops_ring, mainiacjoe_overflow_small_starburst,
          minmay_lair_entry_grove, serial_shops, nicolae_shop_window_shopping,
          kennysheep_mini, special_room [special_room_orc], uniq_gastronok,
          uniq_nergalle
Temple:   nicolae_temple_great_sept

Skill      XL: |  1  2  3  4  5  6  7  8  9 10 11 |
---------------+----------------------------------+-----
Spellcasting   | 3 4 5 7 8 |  8.5
Hexes          | 1 2 |  2.0
Summonings     | 5 6 7 8 9 |  9.7
Translocations | 1 3 4 |  4.0
Evocations     | 1 3 4 6 7 8 |  8.1
Air Magic      | 2 3 |  3.0
Fighting       | 3 4 |  4.2
Dodging        | 4 |  4.7
Stealth        | |  2.6

Action                   |  1- 3 |  4- 6 |  7- 9 | 10-12 || total
-------------------------+-------+-------+-------+-------++-------
Melee: Spear             |    32 |       |       |       ||    32
       Unarmed           |     4 |       |       |       ||     4
       Constrict         |    12 |    22 |    27 |    17 ||    78
       Short sword       |    39 |    88 |   140 |    72 ||   339
       Tentacles         |    13 |    19 |    45 |    22 ||    99
       Punch             |     2 |     2 |     3 |     1 ||     8
       Dagger            |       |     2 |       |       ||     2
Throw: Dart              |       |       |     3 |       ||     3
 Cast: Call Canine Famil |       |     7 |    25 |    19 ||    51
       Call Imp          |       |     4 |     8 |     9 ||    21
       Summon Guardian G |       |       |     9 |     7 ||    16
       Summon Lightning  |       |       |     6 |     6 ||    12
       Summon Small Mamm |       |       |       |     2 ||     2
       Blink             |       |       |       |     1 ||     1
Evoke: Wand              |       |       |     2 |       ||     2
  Use: Scroll            |     2 |       |     3 |     3 ||     8
       Potion            |       |     1 |     1 |       ||     2
 Stab: Sleeping          |    17 |     6 |     8 |     1 ||    32
       Distracted        |       |       |     1 |       ||     1
Armor: Skin              |     9 |    23 |    33 |    13 ||    78
Dodge: Dodged            |    24 |    47 |    85 |    54 ||   210

Table legend: (Time is in decaauts)
 A = Elapsed time spent in this place.
 B = Non-inter-level travel time spent in this place.
 C = Inter-level travel time spent in this place.
 D = Time resting spent in this place.
 E = Time spent auto-exploring this place.
 F = Levels seen in this place.
 G = Mean time per level.
                   A        B        C        D        E       F      G
               +--------+--------+--------+--------+--------+-----+--------+
         Total |   8985 |   8633 |    352 |   1321 |   5404 |  11 |  816.8 |
       Dungeon |   8855 |   8518 |    337 |   1321 |   5354 |  10 |  885.5 |
        Temple |    129 |    114 |     15 |      0 |     50 |   1 |  129.0 |
               +--------+--------+--------+--------+--------+-----+--------+

Top non-repeatable levels by time:
     D:7: 1529 daAuts
     D:6: 1191 daAuts
     D:2: 1014 daAuts
     D:5: 992 daAuts
     D:3: 905 daAuts
     D:8: 870 daAuts
     D:9: 856 daAuts
     D:4: 753 daAuts
     D:1: 533 daAuts
    D:10: 209 daAuts
  Temple: 129 daAuts
